 Dungeon Crawl Stone Soup version 0.30.0 (webtiles) character file.

Game seed: 8083678883793242637

1098 LUNTH the Covered (level 8, -2/71 HPs)
             Began as a Minotaur Fighter on Nov 9, 2023.
             Slain by Menkaure (6 damage)
             ... on level 4 of the Dungeon.
             The game lasted 00:11:04 (2940 turns).

LUNTH the Covered (Minotaur Fighter)                Turns: 2940, Time: 00:11:04

Health: -2/71      AC: 14    Str: 22 (23) XL:     8   Next: 10%
Magic:  7/7        EV:  8    Int:  2 (5)  God:
Gold:   255        SH:  5    Dex:  9 (10) Spells: 7/7 levels left

rFire   . . .        d - +4 flail (holy)
rCold   + . .        c - +0 buckler
rNeg    . . .        x - +0 chain mail
rPois   .            (helmet restricted)
rElec   .            j - +0 cloak
rCorr   .            (no gloves)
SInv    .            y - +1 pair of boots
Will    .....        (no amulet) Stlth
                     q - ring of protection from cold
HPRegen 0.31/turn    (no ring)
MPRegen 0.10/turn

%: no passive effects
@: flying
A: horns 2, retaliatory headbutt
a: no special abilities


You were on level 4 of the Dungeon.
You visited 1 branch of the dungeon, and saw 4 of its levels.

You collected 255 gold pieces.

Inventory:

Hand Weapons
 a - a +0 flail
 d - a +4 flail of holy wrath (weapon)
 e - a +0 mace of protection
Missiles
 p - a throwing net (quivered)
Armour
 b - a +0 scale mail
 c - a +0 buckler (worn)
 f - a +0 pair of boots
 j - a +0 cloak (worn)
 l - a +0 kite shield
 v - a +0 ring mail
 x - a +0 chain mail (worn)
 y - a +1 pair of boots (worn)
Jewellery
 q - a ring of protection from cold (left hand)
Scrolls
 g - a scroll of enchant weapon {unknown}
 i - 4 scrolls of identify {unknown}
 k - a scroll of enchant armour {unknown}
 m - a scroll of poison {unknown}
 n - a scroll of amnesia {unknown}
 o - 3 scrolls of teleportation {unknown}
 z - a scroll of blinking {unknown}
Potions
 u - a potion of brilliance
 w - a potion of attraction


   Skills:
 + Level 6.7 Fighting
 + Level 6.1 Maces & Flails
 + Level 6.8 Armour
 + Level 6.7 Shields


You had 7 spell levels left.
You didn't know any spells.
Your spell library was empty.

Dungeon Overview and Level Annotations

Branches:
Dungeon (4/15)
 Temple: D:4-7

Altars:
Fedhas

Annotations:
D:4 Menkaure


Innate Abilities, Weirdness & Mutations

You have a pair of horns on your head.
You reflexively headbutt those who attack you in melee.


Message History

You completely miss Menkaure.
Menkaure calls on the powers of darkness!
Your body is wracked with pain!
* * * LOW HITPOINT WARNING * * *
The adder convulses!
You hit Menkaure.
Menkaure convulses.
You headbutt Menkaure.
Menkaure is lightly damaged.
You block Menkaure's attack.
You feel better. Menkaure hits you but does no damage.
The kobold hits you but does no damage.
Menkaure sighs, "It doesn't hurt if you pull your brain out of your nose yourself."
Menkaure hits you but does no damage.
It was a potion of brilliance.
You feel clever all of a sudden. Menkaure hits you but does no damage.
The kobold hits you but does no damage.
It was a potion of attraction.
You feel attractive to monsters. The adder bites you but does no damage.
You block Menkaure's attack. The adder bites you but does no damage.
The kobold barely misses you.
It was a potion of cancellation.
Your magical effects are unravelling.
You feel magically purged.
You feel a little less clever now. Menkaure hits you!
* * * LOW HITPOINT WARNING * * *
The adder bites you but does no damage.
The kobold hits you with a +0 short sword.
* * * LOW HITPOINT WARNING * * *
You feel less attractive to monsters.
It was a potion of degeneration.
There was something very wrong with that liquid.
You feel weakened.
You feel dopey.
You feel clumsy. Menkaure hits you but does no damage.
The adder bites you but does no damage. The kobold hits you but does no damage.
It was a potion of flight.
You feel very buoyant.
You fly up into the air.
Menkaure barely misses you. You block the adder's attack.
The kobold hits you but does no damage. Menkaure hits you.
You die...

.....###... ........>..
..... .......... ...#
..#.....# ...# ...#...
#..# . '###'###+###
##..# #.#
#.......#..###...###...#
#.......#..#..)#KS...#
+###'###+..'.#..@M...#
+...'.#..###.......#
#...#.#..#.........#
#._.#.'##'..#......#
#...#.#..##.#......#
+...'.#.)#..#......#
##+###'..'.........#
...#..#.#.......#
.....#..#.###.....#


You could see Menkaure (fast), an adder and a kobold.

Vanquished Creatures
  Sigmund (D:4)
  4 yaks
  Edmund (D:3)
  A scorpion (D:4)
  A hound (D:4)
  Robin (D:4)
  3 gnolls (D:3)
  An adder (D:3)
  An ufetubus (D:4)
  3 dart slugs (D:1)
  2 orcs (D:3)
  2 bats (D:1)
  4 endoplasms
  3 giant cockroaches (D:1)
  6 hobgoblins
  19 jackals
  8 quokkas
  3 ball pythons (D:3)
  A frilled lizard (D:3)
  22 goblins
  6 kobolds
  4 rats
97 creatures vanquished.

Notes
Turn   | Place    | Note
-------+----------+-------------------------------------------
     0 | D:1      | LUNTH the Minotaur Fighter began the quest for the Orb.
     0 | D:1      | Reached XP level 1. HP: 19/19 MP: 0/0
     0 | D:1      | Noticed a tentacled monstrosity
     0 | D:1      | Noticed a red draconian
     3 | D:1      | Noticed an orb of fire
     6 | D:1      | Noticed a large abomination
     8 | D:1      | Noticed a tentacled monstrosity
     9 | D:1      | Noticed an ice dragon
    11 | D:1      | Noticed a tentacled monstrosity
    13 | D:1      | Noticed a large abomination
    15 | D:1      | Noticed an ice dragon
    17 | D:1      | Noticed a tentacled monstrosity
    17 | D:1      | Noticed a tentacled monstrosity
    19 | D:1      | Noticed a large abomination
    19 | D:1      | Noticed a green draconian
    21 | D:1      | Noticed an iron dragon
   115 | D:1      | Reached XP level 2. HP: 27/27 MP: 1/1
   375 | D:1      | Reached XP level 3. HP: 33/33 MP: 2/2
  1741 | D:3      | Reached XP level 4. HP: 40/41 MP: 3/3
  2195 | D:3      | Found a faded altar of an unknown god.
  2356 | D:4      | Noticed a scorpion
  2365 | D:4      | Killed a scorpion
  2366 | D:4      | Reached XP level 5. HP: 47/47 MP: 4/4
  2389 | D:4      | Noticed a yak
  2394 | D:4      | Noticed a yak
  2395 | D:4      | Noticed a yak
  2395 | D:4      | Noticed a yak
  2395 | D:4      | Noticed Sigmund
  2396 | D:4      | Noticed Edmund
  2401 | D:4      | Reached skill level 5 in Fighting
  2401 | D:4      | Reached skill level 5 in Armour
  2420 | D:4      | Killed a yak
  2421 | D:4      | Reached skill level 5 in Shields
  2421 | D:4      | Reached XP level 6. HP: 48/56 MP: 5/5
  2421 | D:4      | Killed a yak
  2425 | D:4      | Killed a yak
  2426 | D:4      | Reached skill level 5 in Maces & Flails
  2426 | D:4      | Reached XP level 7. HP: 38/63 MP: 6/6
  2442 | D:3      | Killed a yak
  2592 | D:3      | Killed Edmund
  2717 | D:4      | Killed Sigmund
  2718 | D:4      | Reached XP level 8. HP: 65/71 MP: 7/7
  2735 | D:4      | Noticed Robin
  2759 | D:4      | Killed Robin
  2899 | D:4      | Found a blossoming altar of Fedhas.
  2924 | D:4      | Noticed Menkaure
  2940 | D:4      | Slain by Menkaure

Illustrated notes

Levels and vault maps discovered:
D:1:      shiori_arrival_whats_in_store_for_you, layout_loops_ring,
          nrook_campfire
D:2:      layout_loops_corners
D:3:      layout_basic, hellmonk_ecumenical_altar_prayer_group,
          minmay_fractal_squares_gapless_5
D:4:      layout_rooms, mainiacjoe_overflow_24_doors,
          ebering_ghost_disaster_area, uniq_edmund, uniq_robin, uniq_sigmund,
          uniq_menkaure

Skill      XL: |  1  2  3  4  5  6  7 |
---------------+----------------------+-----
Armour         | 4 5 6 |  6.8
Fighting       | 4 5 6 |  6.7
Shields        | 4 5 6 |  6.7
Maces & Flails | 3 4 5 6 |  6.1

Action                     |  1- 3 |  4- 6 |  7- 9 || total
---------------------------+-------+-------+-------++-------
  Melee: Mace              |    89 |    72 |    25 ||   186
         Flail             |     6 |       |    30 ||    36
         Headbutt          |    11 |    10 |    14 ||    35
    Use: Potion            |       |     1 |     7 ||     8
 Armour: Scale mail        |    52 |    40 |       ||    92
         Chain mail        |       |    22 |    45 ||    67
  Dodge: Dodged            |    45 |    42 |    14 ||   101
  Block: Buckler           |    13 |    23 |    18 ||    54
